[Event "Late-Titled-Tuesday-Blitz-June-25-2024"]
[Site "Chess.com"]
[Date "2024.06.25"]
[Round "2"]
[White "karinachess1"]
[Black "petr577"]
[Result "1-0"]
[WhiteElo "2681"]
[BlackElo "2346"]
[TimeControl "180+1"]
[EndTime "14:15:04 PDT"]
[Termination "karinachess1 won by checkmate"]

1. d4 d5 2. c4 e5 3. dxe5 d4 4. Nf3 Nc6 5. a3 Bg4 6. Nbd2 Qe7 7. h3 Bh5 8. b4 O-O-O 9. Bb2 f6 10. g4 Bf7 11.
exf6 Nxf6 12. Bg2 d3 13. e3 h5 14. g5 Nd7 15. O-O h4 16. b5 Nce5 17. Qa4 Nxf3+ 18. Nxf3 Nc5 19. Qxa7 Bxc4 20. Ne5 Bd5 21. Qa8# 1-0

[Event "Late-Titled-Tuesday-Blitz-June-25-2024"]
[Site "Chess.com"]
[Date "2024.06.25"]
[Round "2"]
[White "Heliosis11"]
[Black "Gzucaritas"]
[Result "1-0"]
[WhiteElo "2442"]
[BlackElo "2001"]
[TimeControl "180+1"]
[EndTime "14:15:08 PDT"]
[Termination "Heliosis11 won by resignation"]

1. d4 Nf6 2. c4 g6 3. g3 Bg7 4. Bg2 O-O 5. Nf3 c6 6. O-O d5 7.
Nc3 Bf5 8. Ne5 Nbd7 9. f4 Ne4 10. cxd5 cxd5 11. Nxd5 Nxe5 12. dxe5 e6 13. Ne3 Qb6 14. Kh1 Rfd8 15. Qe1 Rac8 16. g4 Rxc1 17. Qxc1 Nd2 18. Nc4 Nxc4 19. gxf5 Ne3 20. Rf3 Rd1+ 21. Qxd1 Nxd1 22.
Rxd1 exf5 23. Rb3 Qe3 24. Rd8+ Bf8 25. Rxe3 Kg7 26. e6 fxe6 27. Rxe6 Bc5 28. Bxb7 1-0

[Event "Late-Titled-Tuesday-Blitz-June-25-2024"]
[Site "Chess.com"]
[Date "2024.06.25"]
[Round "2"]
[White "GelmanAlexander"]
[Black "gabduschew"]
[Result "1-0"]
[WhiteElo "2703"]
[BlackElo "2395"]
[TimeControl "180+1"]
[EndTime "14:15:09 PDT"]
[Termination "GelmanAlexander won by resignation"]

1. c4 e5 2. e3 Nf6 3. a3 d5 4.
cxd5 Nxd5 5. Nf3 Nc6 6. d3 Be7 7. Nbd2 O-O 8. b4 a6 9. Bb2 f6 10. Rc1 Kh8 11. h4 Bg4 12. Be2 Qe8 13. Ne4 Rd8 14. Qc2 Bxf3 15. gxf3 f5 16. Ng5 Bxg5 17. hxg5 Qg6 18. Qc4 f4 19. Kd2 Nb6 20. Qe4 Qxe4 21. fxe4 f3 22. Bd1 Rd7 23. Rh3 Rfd8 24. Rc3 Na4 25.
Bxa4 1-0

[Event "Late-Titled-Tuesday-Blitz-June-25-2024"]
[Site "Chess.com"]
[Date "2024.06.25"]
[Round "2"]
[White "chess_cryptoworld"]
[Black "farzadbfd"]
[Result "0-1"]
[WhiteElo "2457"]
[BlackElo "2713"]
[TimeControl "180+1"]
[EndTime "14:15:10 PDT"]
[Termination "farzadbfd won by resignation"]

1. Nf3 d5 2. g3 Bf5 3. Bg2 Nf6 4. O-O e6 5. c4 c6 6. Qb3 Qb6 7. d3 Bc5 8. cxd5 cxd5 9. Nc3 O-O 10. Qxb6 axb6 11. Nb5 Nc6 12. Bd2 Rfc8 13. Bc3 Ne8 14. Rfc1 Nd6 15. Nxd6 Bxd6 16. Nh4 Bg4 17. f3 Bh5 18. g4 Bg6 19. Nxg6 hxg6 20. e3 d4 21. Bxd4 Nxd4 22. exd4 Bf4 23. Rc4 b5 24. Rc3 Be3+ 25. Kf1 Bxd4 26. Rxc8+ Rxc8 27. Re1 g5 28. f4 gxf4 29.
Bxb7 Rc7 30. Bf3 Bxb2 31. Rb1 Rc2 32. Be2 e5 33. Ke1 Bc3+ 34. Kd1 Rd2+ 35. Kc1 Rxe2 0-1

[Event "Late-Titled-Tuesday-Blitz-June-25-2024"]
[Site "Chess.com"]
[Date "2024.06.25"]
[Round "2"]
[White "ybothg"]
[Black "Flopezin"]
[Result "0-1"]
[WhiteElo "2501"]
[BlackElo "2348"]
[TimeControl "180+1"]
[EndTime "14:15:12 PDT"]
[Termination "Flopezin won by resignation"]

1. d4 d5 2. Nf3 Nf6 3. g3 e6 4. Bg2 Nc6 5. O-O Bd6 6. c4 O-O 7. Nc3 dxc4 8. e4 e5 9. d5 Na5 10. Qe2 Bd7 11. Rd1 Qe7 12. Bg5 h6 13. Bxf6 Qxf6 14.
a4 Bg4 15. h3 Bxf3 16. Bxf3 Nb3 17. Rab1 Nd4 18. Rxd4 exd4 19. Nb5 d3 20. Qd1 a6 21. Nc3 Be5 22. Rc1 b5 23. axb5 axb5 24. Nxb5 Rfb8 25.
Na3 Bxb2 26. Nxc4 Bxc1 27. e5 Qa6 28. Qxd3 Rb4 29. d6 Qxc4 30. Qf5 Rd8 31. Be4 Qxe4 0-1

[Event "Late-Titled-Tuesday-Blitz-June-25-2024"]
[Site "Chess.com"]
[Date "2024.06.25"]
[Round "2"]
[White "carokannlover213"]
[Black "Kaslask"]
[Result "1-0"]
[WhiteElo "2665"]
[BlackElo "2236"]
[TimeControl "180+1"]
[EndTime "14:15:14 PDT"]
[Termination "carokannlover213 won on time"]

1. b3 b6 2. Bb2 Bb7 3. c4 c5 4.
d4 cxd4 5. Qxd4 Nc6 6. Qh4 e6 7.
Qg3 Nf6 8. Nd2 d5 9. Ngf3 Ne4 10. Nxe4 dxe4 11. Nd2 Bb4 12. O-O-O Qe7 13. Nxe4 f6 14. Nd6+ Bxd6 15. Qxd6 Rd8 16. Qxe7+ Nxe7 17. f3 Kf7 18. e4 g5 19. Be2 h5 20. h4 g4 21. fxg4 Bxe4 22. Rhf1 Rxd1+ 23. Bxd1 Rg8 24. Rxf6+ Ke8 25. Rxe6 Rxg4 26. Bxg4 1-0

[Event "Late-Titled-Tuesday-Blitz-June-25-2024"]
[Site "Chess.com"]
[Date "2024.06.25"]
[Round "2"]
[White "Chessdude1987"]
[Black "ValeriyGrinev"]
[Result "0-1"]
[WhiteElo "2366"]
[BlackElo "2588"]
[TimeControl "180+1"]
[EndTime "14:15:14 PDT"]
[Termination "ValeriyGrinev won on time"]

1. e4 c6 2. d4 d5 3. e5 Bf5 4.
Nd2 e6 5. Nb3 Nd7 6. Nf3 a6 7.
Be2 h6 8. Be3 Rc8 9. O-O c5 10.
dxc5 Bxc5 11. Nxc5 Nxc5 12. Nd4 Bg6 13. c4 Ne7 14.
Rc1 O-O 15. Nb3 Nxb3 16. Qxb3 dxc4 17. Bxc4 b5 18. Be2 Nd5 19. Bc5 Nf4 20. Bf3 Nd3 21. Bxf8 Nxc1 22. Qe3 Qxf8 23. Rxc1 Rxc1+ 24. Qxc1 Qb4 25. h3 Kh7 26. a3 Qd4 27. Qc3 Qf4 28. g3 Qf5 29.
Kg2 Qb1 30. h4 Bd3 31. h5 Qf1+ 32. Kh2 Qxf2+ 33. Kh3 Qxf3 0-1

[Event "Late-Titled-Tuesday-Blitz-June-25-2024"]
[Site "Chess.com"]
[Date "2024.06.25"]
[Round "2"]
[White "Chempiblinka"]
[Black "Jarming"]
[Result "0-1"]
[WhiteElo "2415"]
[BlackElo "2708"]
[TimeControl "180+1"]
[EndTime "14:15:18 PDT"]
[Termination "Jarming won by resignation"]

1. Nf3 c5 2. g3 Nc6 3. Bg2 g6 4. O-O Bg7 5. c4 e5 6. d3 Nge7 7. Nc3 d6 8. a3 a5 9. Rb1 O-O 10. Ne1 Be6 11. Nc2 d5 12. b3 Rb8 13. Nb5 Qd7 14.
Bb2 Rfd8 15. Re1 h5 16. h4 b6 17. Ne3 Nd4 18. Nc3 dxc4 19. bxc4 b5 20. cxb5 Nxb5 21.
Nxb5 Rxb5 22. Qc2 Bb3 23. Qc3 a4 24. Nc4 Qc7 25. Ne3 Rdb8 26. f4 Ba2 27. fxe5 Bxb1 28. Rxb1 Rb3 29. Qc2 Bxe5 30. Nc4 Bxb2 31. Rxb2 Qxg3 32.
Na5 Rxb2 33. Qxc5 0-1

[Event "Late-Titled-Tuesday-Blitz-June-25-2024"]
[Site "Chess.com"]
[Date "2024.06.25"]
[Round "2"]
[White "MaestroCheck"]
[Black "semchik90"]
[Result "1-0"]
[WhiteElo "2639"]
[BlackElo "2391"]
[TimeControl "180+1"]
[EndTime "14:15:21 PDT"]
[Termination "MaestroCheck won by resignation"]

1. e4 Nf6 2. e5 Nd5 3. d4 d6 4. Nf3 Bg4 5. Be2 c6 6. O-O Bxf3 7. Bxf3 dxe5 8. dxe5 e6 9. Qe2 Nd7 10. c4 Ne7 11. b3 Ng6 12. Bb2 Qc7 13. Re1 O-O-O 14. Nd2 Nc5 15. Ne4 Nd3 16. Red1 Nxb2 17. Rxd8+ Qxd8 18. Qxb2 Qc7 19. Nd6+ Bxd6 20. exd6 Qxd6 21. Qxg7 Qe5 22.
Qxe5 Nxe5 23. Be2 Rd8 24. Rd1 Rxd1+ 25. Bxd1 Nd3 26. Kf1 Kd7 27. Bc2 Nb4 28. Bb1 h6 29.
Ke2 Kd6 30. Ke3 c5 31. h4 Nc6 32. g4 f6 33. Be4 Ne5 34. Kf4 b6 35. Kg3 a5 36. f4 Nd7 37. Kf3 e5 38. Bf5 Nf8 39. g5 fxg5 40. fxg5 hxg5 41. hxg5 1-0

[Event "Late-Titled-Tuesday-Blitz-June-25-2024"]
[Site "Chess.com"]
[Date "2024.06.25"]
[Round "2"]
[White "wild3000"]
[Black "Hirna2005"]
[Result "0-1"]
[WhiteElo "2538"]
[BlackElo "2360"]
[TimeControl "180+1"]
[EndTime "14:15:27 PDT"]
[Termination "Hirna2005 won by resignation"]

1. c4 g6 2. h4 h5 3. d4 Bg7 4. Nc3 d6 5. e4 Nc6 6. Be3 e5 7. d5 Nce7 8. c5 f5 9. cxd6 cxd6 10.
f3 Bh6 11. Bxh6 Nxh6 12. Bb5+ Bd7 13. Qa4 a6 14. Bxd7+ Qxd7 15. Qb4 b5 16. a4 Rb8 17. axb5 axb5 18. Ra6 Nf7 19. Nh3 O-O 20. O-O Rfc8 21. Rfa1 Rc4 22. Qb3 Rb7 23. R1a5 Rc5 24. Ra8+ Kg7 25.
Qd1 Qc7 26. Kh2 b4 27. Na4 Rxa5 28. Rxa5 Qxa5 29. b3 Qa7 30. f4 Qd4 31. exf5 Qxd1 0-1

[Event "Late-Titled-Tuesday-Blitz-June-25-2024"]
[Site "Chess.com"]
[Date "2024.06.25"]
[Round "2"]
[White "jamengrand"]
[Black "Pitomina"]
[Result "0-1"]
[WhiteElo "2319"]
[BlackElo "2527"]
[TimeControl "180+1"]
[EndTime "14:15:30 PDT"]
[Termination "Pitomina won by resignation"]

1. e4 e5 2. Nf3 Nc6 3. Nc3 Nf6 4.
Nd5 d6 5. d4 Nxd5 6. exd5 Nxd4 7.
Nxd4 exd4 8. Qxd4 Qe7+ 9. Be3 Qe5 10. Bb5+ Bd7 11. Bxd7+ Kxd7 12. Qa4+ Kd8 13. O-O-O Be7 14. Rhe1 a6 15. Kb1 Qf5 16. Rd4 Bf6 17. g4 Qd7 18.
Qxd7+ Kxd7 19. Rf4 h6 20. Rf3 Rae8 21. Rg1 Re7 22.
c4 Bg5 23. Bd4 f6 24. Rh1 Rhe8 25. Kc2 Re4 26. h4 Rxd4 27. hxg5 hxg5 28. Kc3 Rxg4 29. Rh7 Re7 30. Re3 Rxe3+ 31. fxe3 Re4 32. Rxg7+ Re7 33. Kd3 Rxg7 0-1

[Event "Late-Titled-Tuesday-Blitz-June-25-2024"]
[Site "Chess.com"]
[Date "2024.06.25"]
[Round "2"]
[White "GoValya"]
[Black "Root_21"]
[Result "0-1"]
[WhiteElo "2213"]
[BlackElo "2660"]
[TimeControl "180+1"]
[EndTime "14:15:39 PDT"]
[Termination "Root_21 won by resignation"]

1. d4 d5 2. Nf3 Nf6 3. c4 e6 4. g3 dxc4 5. Bg2 c6 6. O-O b5 7. Ne5 Bb7 8. a4 a6 9. f4 Qb6 10. f5 exf5 11. Rxf5 Bd6 12. Bg5 Nbd7 13. Bxf6 Nxf6 14.
Nc3 Rd8 15. e3 O-O 16. Rxf6 Bxe5 17. Rf5 Bxd4 18. Qf1 Bxc3 19. bxc3 Qxe3+ 20. Kh1 Qxc3 21. axb5 axb5 22. Re1 Qd3 23. Qf2 c3 24. Re7 c2 25.
Rfxf7 c1=Q+ 26. Bf1 Qd5+ 27. Kg1 Rxf7 0-1

[Event "Late-Titled-Tuesday-Blitz-June-25-2024"]
[Site "Chess.com"]
[Date "2024.06.25"]
[Round "2"]
[White "MKlose11"]
[Black "Big_Finky"]
[Result "1-0"]
[WhiteElo "2617"]
[BlackElo "2338"]
[TimeControl "180+1"]
[EndTime "14:15:40 PDT"]
[Termination "MKlose11 won by checkmate"]

1. e4 c5 2. Nc3 e6 3. g3 d5 4.
Bg2 Nf6 5. Nge2 Nc6 6. exd5 exd5 7. d4 cxd4 8. Nxd4 Bg4 9. Nce2 Bc5 10. f3 Bd7 11. c3 O-O 12. O-O Re8 13. Kh1 Rc8 14. Bf4 Qb6 15. Qd2 Nxd4 16. Nxd4 h6 17. Nb3 Bb5 18. Rfe1 Bf2 19. Rxe8+ Rxe8 20. Bf1 Bc4 21. Kg2 Be3 22. Bxe3 Qxe3 23. Qxe3 Rxe3 24. Nd4 Kf8 25. Kf2 Re8 26. Bh3 g6 27. a4 a6 28.
a5 Ke7 29. Re1+ Kd6 30. Rxe8 Nxe8 31. Ke3 Kc5 32. Bc8 Nd6 33. b4# 1-0

[Event "Late-Titled-Tuesday-Blitz-June-25-2024"]
[Site "Chess.com"]
[Date "2024.06.25"]
[Round "2"]
[White "zimmm36"]
[Black "VD_coach"]
[Result "0-1"]
[WhiteElo "2720"]
[BlackElo "2549"]
[TimeControl "180+1"]
[EndTime "14:15:42 PDT"]
[Termination "VD_coach won by resignation"]

1. c4 Nf6 2. Nc3 g6 3. e4 d6 4. d4 Bg7 5. Nf3 O-O 6. Be2 c5 7. O-O Bg4 8. Be3 Nfd7 9. d5 Nb6 10. Nd2 Bxe2 11. Qxe2 N8d7 12. Rac1 e6 13. f3 Bd4 14.
Kh1 e5 15. Bh6 Re8 16. g3 Qf6 17. Qg2 g5 18. Qh3 Be3 19. Rc2 Kh8 20. b3 g4 21.
Qxg4 Qxh6 22. Ndb1 Rg8 23. Qh4 Qxh4 24. gxh4 a6 25.
Rg2 Rxg2 26. Kxg2 Rg8+ 27. Kh3 Nf6 28. Ne2 Nh5 29. Nbc3 Nd7 30. Nd1 Bd4 31. Nf2 Nf8 32. Ng4 Ng6 33. Kg2 Ngf4+ 34. Nxf4 Nxf4+ 35. Kh1 Rg6 36. a3 h5 37. Nf2 Rg2 38. Nd1 Rd2 39. b4 Nd3 0-1

[Event "Late-Titled-Tuesday-Blitz-June-25-2024"]
[Site "Chess.com"]
[Date "2024.06.25"]
[Round "2"]
[White "LidongW"]
[Black "JulbeNn"]
[Result "0-1"]
[WhiteElo "2341"]
[BlackElo "2541"]
[TimeControl "180+1"]
[EndTime "14:15:42 PDT"]
[Termination "JulbeNn won by resignation"]

1. e4 c5 2. c3 d6 3. d4 Nf6 4. Bd3 e6 5. Nf3 Be7 6. O-O O-O 7. Re1 h6 8. h3 Nc6 9. Be3 Bd7 10. Nbd2 cxd4 11.
cxd4 Rc8 12. a3 a6 13. Qe2 b5 14. b4 Re8 15. Nb3 Bf8 16. Rac1 Ne7 17. Na5 d5 18. e5 Ne4 19. Nb7 Qb6 20. Nc5 Bc6 21. Nd2 Nf5 22.
Ndxe4 dxe4 23. Bxe4 Bxe4 24. Nxe4 Rxc1 25. Rxc1 Rd8 26. Qb2 a5 27. Nc5 axb4 28. axb4 Be7 29. Ra1 Qc6 30. Ra3 Qd5 31. Rd3 Qc4 32. Rc3 Qd5 33. Rd3 Ra8 34. Ra3 Rxa3 35. Qxa3 Nxd4 36.
Bxd4 Qxd4 37. Qa8+ Kh7 38. Qa5 Bxc5 39. bxc5 Qxc5 40.
Qe1 Qc2 41. Qb4 Qc4 42. Qe7 Qc1+ 43. Kh2 Qf4+ 44. Kg1 b4 45. Qb7 Kg6 46. g3 Qc1+ 47.
Kg2 Qc4 48. h4 Qd5+ 0-1

[Event "Late-Titled-Tuesday-Blitz-June-25-2024"]
[Site "Chess.com"]
[Date "2024.06.25"]
[Round "2"]
[White "KingCyber19"]
[Black "Seppppppy"]
[Result "0-1"]
[WhiteElo "2576"]
[BlackElo "2384"]
[TimeControl "180+1"]
[EndTime "14:15:43 PDT"]
[Termination "Seppppppy won by resignation"]

1. Nf3 Nf6 2. d4 g6 3. c4 Bg7 4. g3 O-O 5. Bg2 c5 6. O-O cxd4 7. Nxd4 Nc6 8. Nc3 Qb6 9. Nb3 d6 10. Be3 Qc7 11. Rc1 Be6 12. Nd5 Qd7 13. Bd4 Nxd4 14. Nxd4 Bxd5 15. cxd5 Rac8 16. Qd3 Rxc1 17. Rxc1 Rc8 18.
Rc4 Rc5 19. Nb3 Rxc4 20. Qxc4 h5 21. h3 Qf5 22. Kh2 Qxf2 23. Qc8+ Kh7 24. Qxb7 Ne4 25.
Qxe7 Be5 0-1

[Event "Late-Titled-Tuesday-Blitz-June-25-2024"]
[Site "Chess.com"]
[Date "2024.06.25"]
[Round "2"]
[White "SimplyDevina"]
[Black "ansko1999"]
[Result "1/2-1/2"]
[WhiteElo "2325"]
[BlackElo "2584"]
[TimeControl "180+1"]
[EndTime "14:15:46 PDT"]
[Termination "Game drawn by repetition"]

1. d4 d5 2. c4 c5 3. Nf3 Nf6 4. Nc3 Nc6 5. cxd5 Nxd5 6. e4 Nxc3 7. bxc3 cxd4 8. cxd4 g6 9. Be3 Bg7 10. Qd2 Bg4 11. Rd1 O-O 12. Be2 Rc8 13. O-O Qa5 14. h3 Bxf3 15. Bxf3 Rfd8 16. d5 Bc3 17.
Qe2 Nb4 18. Bg4 Rc7 19. Bf4 Rc5 20. Be3 Rc7 21. Bf4 Rc5 22. Be3 Rc7 1/2-1/2

[Event "Late-Titled-Tuesday-Blitz-June-25-2024"]
[Site "Chess.com"]
[Date "2024.06.25"]
[Round "2"]
[White "el_sporco"]
[Black "mouseslips_are_the_best"]
[Result "0-1"]
[WhiteElo "2523"]
[BlackElo "2350"]
[TimeControl "180+1"]
[EndTime "14:15:46 PDT"]
[Termination "mouseslips_are_the_best won by resignation"]

1. e4 e6 2. d4 d5 3. Nd2 c5 4. Ngf3 Nc6 5. c3 cxd4 6. cxd4 dxe4 7. Nxe4 Nf6 8. Bd3 Bb4+ 9. Bd2 Bxd2+ 10. Qxd2 O-O 11.
O-O h6 12. Rac1 Nd5 13. a3 Nce7 14. Bb1 b6 15. Qd3 Ng6 16. Ne5 Ndf4 17. Qd2 Bb7 18. g3 Qxd4 19. gxf4 Qxd2 20. Nxd2 Nxf4 21. Be4 Bxe4 22.
Nxe4 Ne2+ 23. Kg2 Nxc1 24. Rxc1 Rac8 25. Rd1 Rfd8 26. Rxd8+ Rxd8 27. Nc6 Rd7 28. Kf3 f6 29. Ke3 Kf7 30. Nc3 Rc7 31. Nd4 e5 32. Ndb5 Rd7 33.
Ne4 Ke6 34. Nd2 f5 35. f3 g5 36. Nc3 h5 37. h3 h4 38. Ne2 Rg7 39. Kf2 g4 40. fxg4 fxg4 41. hxg4 Rxg4 42. Nf3 e4 43. Nh2 Rg8 44. Ke3 Ke5 45. Nf1 h3 46. Kf2 Rg2+ 47.
Ke1 h2 48. Nfg3 Rg1+ 49. Kd2 h1=Q 50. Nxh1 Rxh1 51. Kc3 Rh2 52. Nc1 Kf4 53. Kc4 Rxb2 0-1

[Event "Late-Titled-Tuesday-Blitz-June-25-2024"]
[Site "Chess.com"]
[Date "2024.06.25"]
[Round "2"]
[White "ArchibaldCerveza29"]
[Black "chessbaerchen"]
[Result "0-1"]
[WhiteElo "2390"]
[BlackElo "2639"]
[TimeControl "180+1"]
[EndTime "14:15:48 PDT"]
[Termination "chessbaerchen won by resignation"]

1. e4 e6 2. d4 d5 3. Nc3 Nf6 4. e5 Nfd7 5. f4 c5 6. Nf3 Nc6 7. Be3 a6 8. Qd2 b5 9. a3 Be7 10. dxc5 Bxc5 11. Bxc5 Nxc5 12. Nd4 Bb7 13. Nxc6 Bxc6 14.
Qd4 Qe7 15. Be2 O-O 16. O-O f6 17. Rae1 fxe5 18. Qxe5 Rad8 19. Bg4 Rf6 20. f5 d4 21. Nd1 d3 22. Ne3 dxc2 23. fxe6 Nd3 24. Nf5 Qa7+ 25. Qe3 Qxe3+ 26. Rxe3 Rxf5 27. Bxf5 c1=Q 28. Rxc1 Nxc1 29.
Rc3 Ne2+ 30. Kf2 Nxc3 31. e7 Rd2+ 32. Ke3 Re2+ 33. Kd4 0-1

[Event "Late-Titled-Tuesday-Blitz-June-25-2024"]
[Site "Chess.com"]
[Date "2024.06.25"]
[Round "2"]
[White "AthanasiusLefebvre"]
[Black "RaugintaBulba"]
[Result "0-1"]
[WhiteElo "2062"]
[BlackElo "2453"]
[TimeControl "180+1"]
[EndTime "14:15:48 PDT"]
[Termination "RaugintaBulba won on time"]

1. d3 d5 2. Nf3 Nf6 3. g3 g6 4.
Bg2 Bg7 5. O-O O-O 6. c4 c6 7. Nc3 Nbd7 8. Rb1 e5 9. b4 h6 10. b5 e4 11. Nd4 Nh5 12. e3 c5 13. Nde2 exd3 14. Qxd3 d4 15. exd4 cxd4 16. Nd5 Ne5 17. Qb3 Bf5 18. Rb2 Bd3 19. c5 Bc4 20. Qd1 Bxd5 21.
Nxd4 Bxg2 22. Kxg2 Qd5+ 23. Nf3 Qxf3+ 24. Qxf3 Nxf3 25.
Kxf3 Bxb2 26. Bxb2 Rac8 27. Rc1 Ng7 0-1

[Event "Late-Titled-Tuesday-Blitz-June-25-2024"]
[Site "Chess.com"]
[Date "2024.06.25"]
[Round "2"]
[White "Duhless"]
[Black "Defenstrator"]
[Result "1-0"]
[WhiteElo "3096"]
[BlackElo "2423"]
[TimeControl "180+1"]
[EndTime "14:15:50 PDT"]
[Termination "Duhless won by resignation"]

1. e4 e5 2. Nc3 Nc6 3. f4 exf4 4. d4 Qh4+ 5. Ke2 d5 6. Nf3 Bg4 7. exd5 O-O-O 8. dxc6 Bc5 9. cxb7+ Kb8 10. Nb5 Nf6 11.
Kd3 Bxf3 12. Qxf3 Qe1 13. Bxf4 Rxd4+ 14. Nxd4 Qxa1 15. Nc6+ Kxb7 16. Kc4 Qxa2+ 17. Kxc5 Nd7+ 18. Kd4 Qxb2+ 19. Ke3 Re8+ 20. Kf2 Qxc2+ 21. Kg3 Qxc6 22. Ba6+ 1-0

[Event "Late-Titled-Tuesday-Blitz-June-25-2024"]
[Site "Chess.com"]
[Date "2024.06.25"]
[Round "2"]
[White "egnfanclub"]
[Black "Crazy_girl99"]
[Result "0-1"]
[WhiteElo "2365"]
[BlackElo "2697"]
[TimeControl "180+1"]
[EndTime "14:15:51 PDT"]
[Termination "Crazy_girl99 won by checkmate"]

1. e4 e5 2. Nf3 Nc6 3. Bc4 Bc5 4. c3 Nf6 5. d4 exd4 6. b4 Bb6 7. e5 d5 8. exf6 dxc4 9. Qe2+ Be6 10. b5 d3 11. Qe4 Na5 12. fxg7 Rg8 13. Bg5 Qd5 14. Qxh7 Kd7 15. Bf6 Bf5 16. Qh6 Rae8+ 17. Kf1 Qe4 18. Qd2 Bg4 19. Nd4 Be2+ 20. Kg1 c5 21. bxc6+ Nxc6 22. Na3 Nxd4 23. Bxd4 Bxd4 24. cxd4 Qxd4 25.
Qg5 Rxg7 26. Qb5+ Ke7 27. Re1 Rxg2+ 28. Kxg2 Qg4# 0-1

[Event "Late-Titled-Tuesday-Blitz-June-25-2024"]
[Site "Chess.com"]
[Date "2024.06.25"]
[Round "2"]
[White "mac0504"]
[Black "harshu27"]
[Result "1-0"]
[WhiteElo "2773"]
[BlackElo "2544"]
[TimeControl "180+1"]
[EndTime "14:15:52 PDT"]
[Termination "mac0504 won by resignation"]

1. c4 e5 2. Nc3 Nf6 3. e3 d5 4. cxd5 Nxd5 5. Qc2 Nxc3 6. Qxc3 Nc6 7. Nf3 Bd6 8. Bb5 Bd7 9. O-O Qe7 10. d3 O-O 11. a3 a6 12. Bc4 Bg4 13. Nd2 Kh8 14. b4 f5 15. Bb2 f4 16. Ne4 fxe3 17. fxe3 Rxf1+ 18. Rxf1 Rf8 19. Qe1 Rxf1+ 20. Qxf1 Qf8 21. Qe1 h6 22. h3 Bh5 23. Qh4 Bf7 24. Qg4 b5 25.
Bxf7 Qxf7 26. Nxd6 cxd6 27. Qc8+ Kh7 28. Qxc6 Qb3 29. Qc3 Qd1+ 30. Kh2 Qe2 31. d4 1-0

[Event "Late-Titled-Tuesday-Blitz-June-25-2024"]
[Site "Chess.com"]
[Date "2024.06.25"]
[Round "2"]
[White "Boudicca64"]
[Black "ReinisUz"]
[Result "0-1"]
[WhiteElo "1944"]
[BlackElo "2434"]
[TimeControl "180+1"]
[EndTime "14:15:52 PDT"]
[Termination "ReinisUz won on time"]

1. e4 e5 2. d4 exd4 3. Qxd4 Nc6 4. Qe3 Nf6 5. Nc3 Bb4 6. Bd2 O-O 7. O-O-O Re8 8. f3 d5 9. Qf2 dxe4 10. Bg5 Qe7 11.
Nd5 Qe5 12. Bxf6 gxf6 13. fxe4 f5 14. Qg3+ Qxg3 15. hxg3 Rd8 16. Nxc7 Rxd1+ 17. Kxd1 Rb8 18. Nd5 fxe4 19. Bc4 Be6 20. Ne2 Rd8 21. Nf4 Ne7 22. c3 Ba5 23. Kc1 Nxd5 0-1

[Event "Late-Titled-Tuesday-Blitz-June-25-2024"]
[Site "Chess.com"]
[Date "2024.06.25"]
[Round "2"]
[White "cthake"]
[Black "erlesfar"]
[Result "0-1"]
[WhiteElo "1846"]
[BlackElo "2429"]
[TimeControl "180+1"]
[EndTime "14:15:52 PDT"]
[Termination "erlesfar won by checkmate"]

1. e4 d5 2. exd5 Nf6 3. Nc3 Nxd5 4. Nxd5 Qxd5 5. Qf3 Qxf3 6. Nxf3 Nc6 7. Bb5 Bd7 8.
O-O e6 9. d4 O-O-O 10. c3 h6 11. Bxc6 Bxc6 12. Ne5 Be8 13. Be3 f6 14. Nf3 Bc6 15.
Nd2 g5 16. Nb3 h5 17. Rad1 h4 18. c4 h3 19. f3 hxg2 20. Kxg2 g4 21. d5 exd5 22.
cxd5 Bxd5 23. Nd4 Bd6 24. Rh1 gxf3+ 25. Nxf3 Rdg8+ 26. Kf2 Bxf3 27. Kxf3 Rh3+ 28. Kf2 Bxh2 29. Bf4 Bg3+ 30. Bxg3 Rhxg3 31. Rh7 Rg2+ 32. Kf3 Rxb2 33. Rdd7 Rc2 34. Rdf7 Rc6 35. Rh6 b5 36. Rhxf6 Rxf6+ 37. Rxf6 Kb7 38. Ke4 c6 39. Kd4 Kb6 40. Rf3 a5 41. a3 Rg4+ 42. Kc3 b4+ 43. axb4 axb4+ 44. Kb3 Kb5 45.
Rf5+ c5 46. Rf8 Rg3+ 47. Kc2 b3+ 48. Kb2 Kb4 49. Rb8+ Kc4 50. Ra8 Rg2+ 51. Kb1 Kc3 52. Rc8 Rg1# 0-1

[Event "Late-Titled-Tuesday-Blitz-June-25-2024"]
[Site "Chess.com"]
[Date "2024.06.25"]
[Round "2"]
[White "theoneandonlydaaevik"]
[Black "AlexeiShirov"]
[Result "0-1"]
[WhiteElo "2596"]
[BlackElo "2860"]
[TimeControl "180+1"]
[EndTime "14:15:53 PDT"]
[Termination "AlexeiShirov won by resignation"]

1. Nf3 d5 2. g3 Nf6 3. Bg2 g6 4.
d4 Bg7 5. O-O O-O 6. c4 c5 7.
dxc5 Nc6 8. cxd5 Nxd5 9. a3 a5 10. e4 Nc7 11. Qc2 Ne6 12. Be3 Ned4 13. Nxd4 Nxd4 14.
Qd1 Be6 15. Nd2 Qc7 16. Rc1 Rfd8 17. Bf4 Qc6 18. Qe1 Qb5 19. e5 Ne2+ 20. Kh1 Nxc1 21. Qxc1 Rac8 22. Ne4 Bd5 23. Kg1 Bxe4 24. Bxe4 Rxc5 25.
Qe3 Bxe5 26. a4 Qb4 27. Bxg6 Bxf4 28. Qxe7 hxg6 29. Qxd8+ Kg7 30. gxf4 Qxf4 31. h4 Qg4+ 32. Kh2 Rh5 0-1

[Event "Late-Titled-Tuesday-Blitz-June-25-2024"]
[Site "Chess.com"]
[Date "2024.06.25"]
[Round "2"]
[White "patzer-reloaded"]
[Black "maurovargas01"]
[Result "1-0"]
[WhiteElo "2433"]
[BlackElo "1935"]
[TimeControl "180+1"]
[EndTime "14:15:55 PDT"]
[Termination "patzer-reloaded won by checkmate"]

1. d4 d5 2. c4 c6 3. Nf3 e6 4.
Nc3 dxc4 5. e4 b5 6. Be2 Bb4 7. O-O Bxc3 8. bxc3 Nf6 9. Qc2 Nbd7 10. a4 a6 11. Ba3 Nb6 12. Bc5 Nxa4 13. Rxa4 bxa4 14. Qxa4 Bd7 15. Qc2 a5 16. Ne5 a4 17. Nxc4 Qb8 18.
Nd6+ Kf8 19. Nf5+ Kg8 20. Ne7+ Kf8 21. Nxc6+ Ke8 22. Nxb8 Rxb8 23. c4 Ra8 24. Ba3 h5 25. e5 Ng8 26. Rb1 Ne7 27. Qc3 Bc6 28. Qb4 Nf5 29.
Bd3 Ra7 30. Qb8+ Kd7 31. Qxa7+ Kc8 32. Rb8# 1-0

[Event "Late-Titled-Tuesday-Blitz-June-25-2024"]
[Site "Chess.com"]
[Date "2024.06.25"]
[Round "2"]
[White "guillembaches"]
[Black "Alex_Sahakyan2006"]
[Result "1-0"]
[WhiteElo "2552"]
[BlackElo "2725"]
[TimeControl "180+1"]
[EndTime "14:15:57 PDT"]
[Termination "guillembaches won by resignation"]

1. e4 c6 2. d4 d5 3. exd5 cxd5 4. Bd3 Nc6 5. c3 Nf6 6. Bf4 Bg4 7. Qb3 Qd7 8. Nd2 e6 9. Ngf3 Bxf3 10. Nxf3 Bd6 11.
Bxd6 Qxd6 12. O-O O-O 13. Rae1 Rab8 14. Qc2 b5 15. a3 a5 16. Ne5 b4 17. cxb4 Rfc8 18. Qc5 Qxc5 19. bxc5 Nxd4 20. b4 axb4 21. axb4 Rxb4 22. Ra1 Rb7 23. Ba6 Rbc7 24. Bxc8 Rxc8 25. c6 g6 26. Ra6 Ne4 27. Rb1 Ne2+ 28. Kf1 Nd2+ 29.
Kxe2 Nxb1 30. Kd3 f6 31. Nd7 Rc7 32. Nxf6+ Kf7 33. Nxh7 Ke7 34. Kc2 Kd6 35. Kxb1 Rxh7 36. c7+ Kd7 37. Ra8 Kxc7 38. Ra7+ 1-0

[Event "Late-Titled-Tuesday-Blitz-June-25-2024"]
[Site "Chess.com"]
[Date "2024.06.25"]
[Round "2"]
[White "andrew-blr"]
[Black "ChristopherYoo"]
[Result "0-1"]
[WhiteElo "2624"]
[BlackElo "3025"]
[TimeControl "180+1"]
[EndTime "14:16:05 PDT"]
[Termination "ChristopherYoo won on time"]

1. d4 Nf6 2. c4 e6 3. Nc3 Bb4 4. a3 Bxc3+ 5. bxc3 Nc6 6. f3 b6 7. e4 Na5 8. Bd3 Ba6 9. Qe2 Nb3 10. Rb1 Nxc1 11. Rxc1 d6 12. f4 e5 13. fxe5 dxe5 14. Nf3 Nd7 15. O-O O-O 16. c5 Bxd3 17. Qxd3 Nxc5 18.
Qe3 Nd7 19. Nd2 Qe7 20. Rf5 g6 21. Rf3 Qxa3 22. Rcf1 exd4 23. Qh6 f6 24. cxd4 Qb4 25. Nb3 Qe7 26. Qh4 c5 27. dxc5 bxc5 28. Na5 Qe6 29. Rh3 Rf7 30. Kh1 Rc8 31. Rg3 c4 32. e5 Nxe5 33.
Qh6 c3 34. Nb3 Qxb3 0-1